 Dungeon Crawl Stone Soup version 0.19.3 (webtiles) character file.

303 TryAgain the Sneak (level 6, -1/41 HPs)
             Began as a Vampire Ice Elementalist on Jan 22, 2017.
             Was an Initiate of Vehumet.
             Slain by a bullfrog zombie (3 damage)
             ... on level 5 of the Dungeon.
             The game lasted 00:27:02 (5101 turns).

TryAgain the Sneak (Vampire Ice Elementalist)       Turns: 5101, Time: 00:27:03

Health: -1/41      AC:  8    Str:  7    XL:     6   Next: 15%
Magic:  6/11       EV: 13    Int: 20    God:    Vehumet [......]
Gold:   95         SH:  0    Dex: 14    Spells: 3 memorised, 3 levels left

rFire  . . .     SeeInvis +     m - +0 spear
rCold  + + +     Gourm    .     k - +0 leather armour
rNeg   + + +     Faith    .     (no shield)
rPois  ∞         Spirit   .     (no helmet)
rElec  .         Reflect  .     (no cloak)
rCorr  +         Harm     .     (no gloves)
MR     .....                    h - +2 pair of boots
Stlth  +++++.....               (no amulet)
                                (no ring)
                                i - ring of resist corrosion

@: very slightly contaminated, bloodless, non-regenerating
A: fangs 3, yellow scales 1, see invisible, cold resistance 1, unbreathing
a: Bat Form, Renounce Religion


You were on level 5 of the Dungeon.
You worshipped Vehumet.
Vehumet was noncommittal.
You were bloodless.

You visited 1 branch of the dungeon, and saw 5 of its levels.
You also visited: Ossuary.

You collected 95 gold pieces.

Inventory:

Hand Weapons
 d - a +0 mace
 m - a +0 spear (weapon)
Armour
 a - a +0 robe
 c - a +3 chain mail of fire resistance
 h - a +2 pair of boots (worn)
 k - a +0 leather armour (worn)
Jewellery
 g - an uncursed amulet of rage
 i - a ring of resist corrosion (left hand)
Scrolls
 f - 4 scrolls of remove curse
Potions
 j - 2 potions of flight
Books
 b - a book of Frost

   Spells                             Type                      Level
   a - Freeze                         Ice                          1
   b - Throw Frost                    Conjuration/Ice              2
   c - Ozocubu's Armour               Charms/Ice                   3
   d - Throw Icicle                   Conjuration/Ice              4
   e - Summon Ice Beast               Ice/Summoning                4


   Skills:
 + Level 4.1 Dodging
 + Level 4.9 Stealth
 + Level 3.4 Spellcasting
   Level 0.6 Conjurations
 + Level 1.5 Charms
 + Level 4.2 Ice Magic


You had 3 spell levels left.
You knew the following spells:

 Your Spells              Type           Power        Failure   Level  Hunger
a - Freeze                Ice            ###.         3%          1    None
b - Ozocubu's Armour      Chrm/Ice       ###.....     21%         3    ###....
c - Summon Ice Beast      Ice/Summ       ##......     89%         4    ####...


Dungeon Overview and Level Annotations

Branches:
Dungeon (5/15)             Temple (0/1) D:5

Altars:
Nemelex Xobeh
Vehumet

Annotations:
D:2 Sigmund
D:4 Edmund, Eustachio, Pikel


Innate Abilities, Weirdness & Mutations

You do not heal naturally.
You are immune to poison.
You have razor-sharp teeth.
You have supernaturally acute eyesight. (SInv)
You can survive without breathing.
You are partially covered in yellow scales. (AC +2)
Your flesh is cold resistant. (rC+)


Message History

The bullfrog zombie completely misses you.
You hit the bullfrog zombie.
The bullfrog zombie is almost destroyed.
The bullfrog zombie hits you.
* * * LOW HITPOINT WARNING * * *
The bullfrog zombie misses you. The bullfrog zombie barely misses you.
The bullfrog zombie hits you.
* * * LOW HITPOINT WARNING * * *
Quiver which item? (- for none, * to show all) (? for menu, Esc to quit)
You don't have any such object.
Quiver which item? (- for none, * to show all) (? for menu, Esc to quit)
Okay, then.
Quiver which item? (- for none, * to show all) (? for menu, Esc to quit)
Okay, then.
It was a potion of mutation.
You feel extremely strange.
Yellow scales grow over part of your body.
You feel resistant to cold. The bullfrog zombie hits you.
You die...

.......%...............#
.......................#
.......................#
.................[.....#
.......................#
.......................#
............#.......<..#
.....#.....##..........#
#############...@Z.....#
############


You could see a bullfrog zombie.

Vanquished Creatures
  A howler monkey (D:4)
  A centaur skeleton (D:4)
  A hound (D:4)
  A jelly (D:5)
  Ijyb (D:2)
  An orc wizard (D:3)
  A mummy (Ossuary)
  An adder (D:3)
  A shadow imp (D:5)
  2 dart slugs
  5 leopard geckos
  8 orcs
  3 ball pythons
  5 giant cockroaches
  10 goblins
  7 hobgoblins
  7 jackals
  2 quokkas
  9 bats
  4 frilled lizards
  A giant cockroach zombie (D:5)
  A goblin zombie (Ossuary)
  A hobgoblin zombie (Ossuary)
  A jackal skeleton (D:5)
  5 kobolds
  7 rats
87 creatures vanquished.

Vanquished Creatures (others)
  2 goblin zombies (Ossuary)
  2 hobgoblin zombies (Ossuary)
  2 kobold zombies (Ossuary)
6 creatures vanquished.

Grand Total: 93 creatures vanquished

Notes
Turn   | Place    | Note
-------+----------+-------------------------------------------
     0 | D:1      | TryAgain the Vampire Ice Elementalist began the quest for the Orb.
     0 | D:1      | Reached XP level 1. HP: 13/13 MP: 3/3
    75 | D:1      | Found a sparkling altar of Nemelex Xobeh.
   115 | D:1      | Reached XP level 2. HP: 9/19 MP: 0/5
   680 | D:1      | Reached XP level 3. HP: 16/24 MP: 2/6
  1060 | D:1      | Learned a level 3 spell: Ozocubu's Armour
  1079 | D:2      | Noticed Sigmund
  1521 | D:3      | Reached XP level 4. HP: 30/30 MP: 4/8
  2739 | D:2      | Noticed Ijyb
  2746 | D:2      | Killed Ijyb
  2746 | D:2      | Reached XP level 5. HP: 30/35 MP: 2/9
  3014 | D:3      | Learned a level 4 spell: Summon Ice Beast
  3236 | D:4      | Noticed Eustachio
  3271 | D:4      | Found a faded altar of an unknown god.
  3271 | D:4      | Found a faded altar of an unknown god.
  3278 | D:4      | Found a faded altar of an unknown god.
  3280 | D:4      | Found a radiant altar of Vehumet.
  3282 | D:4      | Found a faded altar of an unknown god.
  3286 | D:4      | Became a worshipper of Vehumet
  3324 | D:4      | Reached skill level 1 in Charms
  3643 | D:4      | Noticed Edmund
  3653 | D:4      | Noticed a slave
  3653 | D:4      | Noticed a slave
  3653 | D:4      | Noticed a slave
  3654 | D:4      | Noticed Pikel
  3691 | D:5      | Entered Level 5 of the Dungeon
  3755 | D:5      | Found a sand-covered staircase.
  3764 | Ossuary  | Entered an ossuary
  3764 | Ossuary  | Noticed a wraith
  3764 | Ossuary  | Noticed a wraith
  3764 | Ossuary  | Noticed a wraith
  4250 | Ossuary  | Noticed a wraith
  4381 | Ossuary  | Reached XP level 6. HP: 2/41 MP: 2/11
  4690 | D:5      | Found a staircase to the Ecumenical Temple.
  5100 | D:5      | HP: 2/41 [bullfrog zombie (5)]
  5101 | D:5      | Gained mutation: You are partially covered in yellow scales. (AC +2) [potion of mutation]
  5101 | D:5      | Gained mutation: Your flesh is cold resistant. (rC+) [potion of mutation]
  5101 | D:5      | Slain by a bullfrog zombie

Skill      XL: |  1  2  3  4  5 |
---------------+----------------+-----
Dodging        | 3 4 |  4.1
Stealth        | 4 |  4.9
Spellcasting   | 3 |  3.4
Ice Magic      | 4 |  4.2
Charms         | 1 |  1.5
Conjurations   | |  0.6

Action                   |  1- 3 |  4- 6 || total
-------------------------+-------+-------++-------
Melee: Unarmed           |     7 |       ||     7
       Mace              |    44 |    30 ||    74
       Bite              |     6 |     6 ||    12
       Spear             |       |    48 ||    48
 Cast: Freeze            |    58 |    83 ||   141
  Use: Potion            |       |     6 ||     6
       Scroll            |       |    10 ||    10
 Stab: Sleeping          |       |     2 ||     2
  Eat: Corpse            |     3 |     3 ||     6
Armor: Robe              |    23 |     9 ||    32
       Leather armour    |       |    22 ||    22
Dodge: Dodged            |    92 |    98 ||   190
